Map: Abiogenesis LE

Players

CinDra

  • Race: Zerg Zerg
  • League: Silver
  • Spawn Location: 11:00

AdaRa - Winner!

  • Race: Zerg Zerg
  • League: Platinum
  • Spawn Location: 5:00

VOD

Have the link to the VOD?

Description

Time

  • Played on: Feb. 26, 2018, 3:57 p.m.
  • Length: 7:25
Show
View Real Time Build Order
Export as new Build Order

CinDra Zerg 

Build Orders: Hatch First 

Get SALT Encoding   

  12  0:01  Drone  
  13  0:13  Overlord  
  13  0:17  Drone  
  14  0:33  Drone x2  
  16  0:39  Drone  
  17  0:55  Hatchery  
  16  0:58  Drone  
  17  1:05  Drone  
  17  1:08  Drone, Extractor  
  18  1:22  Spawning Pool  
  18  1:25  Drone  
  18  1:31  Drone  
  19  1:40  Drone  
  20  1:51  Drone  
  21  2:08  Queen  
  21  2:09  Queen  
  21  2:10  Zergling x4  
  21  2:13  Metabolic Boost  
  21  2:15  Drone  
  28  2:28  Overlord  
  28  2:29  Overlord  
  28  2:46  Zergling x4  
  28  2:47  Zergling x2  
  29  3:17  Drone  
  29  3:18  Drone x5  
  35  3:26  Roach Warren, Extractor  
  33  3:36  Queen  
  33  3:39  Zergling x2  
  33  3:40  Zergling x4  
  38  3:46  Hatchery  
  37  3:50  Overlord  
  37  3:52  Zergling x2  
  37  3:53  Drone x2  
  40  4:07  Overlord x2  
  40  4:08  Drone  
  40  4:09  Drone  
  42  4:16  Lair  
  41  4:30  Zergling x12  
  45  4:41  Zergling x2  
  45  4:43  Zergling x2  
  45  4:44  Zergling x8  
  51  4:55  Drone  
  51  4:56  Drone x2  
  54  5:14  Glial Reconstitution  
  54  5:16  Roach  
  54  5:17  Roach x4  
  54  5:20  Overlord  
  64  5:23  Drone x2  
  65  5:48  Spire  
  64  5:50  Evolution Chamber  
  64  5:53  Drone  
  64  5:54  Drone x6  
  64  5:55  Evolution Chamber  
  69  5:57  Overlord  
  69  6:02  Drone  
  69  6:03  Drone  
  71  6:10  Overseer x2  
  71  6:12  Pneumatized Carapace  
  71  6:32  Roach  
  75  6:33  Roach x7  
  75  6:36  Roach  
  75  6:37  Roach  
  60  7:00  Zergling x2  
  60  7:01  Zergling x22  
Show
View Real Time Build Order
Export as new Build Order

AdaRa Zerg - Winner!

Build Orders: Hatch First 

Get SALT Encoding   

  12  0:01  Drone  
  13  0:13  Overlord  
  13  0:20  Drone  
  14  0:31  Drone x2  
  14  0:35  Drone  
  17  0:45  Drone  
  18  0:58  Hatchery  
  17  1:06  Drone  
  18  1:14  Spawning Pool  
  18  1:18  Drone  
  18  1:20  Extractor  
  18  1:22  Drone  
  18  1:28  Drone  
  19  1:39  Drone  
  20  1:55  Drone  
  21  2:08  Zergling x2  
  22  2:12  Zergling x4  
  24  2:19  Queen x2  
  24  2:22  Overlord  
  28  2:23  Metabolic Boost  
  28  2:42  Drone x2  
  28  2:43  Drone x2  
  32  2:45  Overlord  
  31  3:03  Zergling x6  
  32  3:06  Drone  
  33  3:14  Zergling x2  
  33  3:18  Lair  
  34  3:29  Zergling x4  
  34  3:33  Overlord  
  36  3:51  Zergling x8  
  36  3:52  Zergling x8  
  44  3:56  Overlord  
  44  4:20  Roach Warren  
  41  4:43  Queen  
  41  4:44  Drone x3  
  41  4:45  Drone  
  47  4:59  Glial Reconstitution  
  47  5:01  Roach x2  
  51  5:15  Overlord x4, Drone  
  51  5:16  Overlord  
  52  5:35  Roach x5  
  62  5:41  Extractor  
  61  5:44  Roach x2  
  65  5:53  Roach x5  
  75  6:08  Roach x2  
  61  6:49  Roach  
  61  6:50  Roach x3  
  61  6:51  Roach  
Tags
 
Add a new tag
Caveats
  • Supply blocks, unpowered buildings, or Contaminate may cause inaccurate times.
  • Supply counts are checked every 10 seconds.